 Dungeon Crawl Stone Soup version 0.17-a0-18-gc25b939 (console) character file.

267 MrRokkomies the Slasher (level 6, 0/39 HPs)
             Began as a High Elf Warper on Mar 7, 2015.
             Was a Follower of Okawaru.
             Succumbed to poison (a potion of poison)
             ... on level 4 of the Dungeon.
             The game lasted 00:11:47 (3450 turns).

MrRokkomies the Slasher (High Elf Warper)           Turns: 3450, Time: 00:11:47

Health: 0/39       AC:  3    Str: 10      XL:     6   Next: 0%
Magic:  13/15      EV: 13    Int: 20      God:    Okawaru [*.....]
Gold:   191        SH:  0    Dex: 10 (14) Spells: 4 memorised, 1 level left

rFire  . . .     SeeInvis .     a - +0 falchion
rCold  . . .     Clarity  .     b - +0 leather armour
rNeg   . . .     SustAb   .     (no shield)
rPois  .         Gourm    .     (no helmet)
rElec  .         Spirit   .     (no cloak)
rCorr  .         Warding  .     (no gloves)
rMut   .         Stasis   .     (no boots)
MR     .....                    (no amulet)
Stlth  +.........               (no ring)
                                (no ring)

@: lethally poisoned (0 -> -9), very slightly contaminated, not resistant to
hostile enchantments, very unstealthy
A: no striking features
a: Heroism, Renounce Religion


You were on level 4 of the Dungeon.
You worshipped Okawaru.
Okawaru was aware of your devotion.
You were very hungry.

You visited 1 branch of the dungeon, and saw 4 of its levels.

You collected 191 gold pieces.

Inventory:

Hand weapons
 a - a +0 falchion (weapon)
 t - a +0 hunting sling
Missiles
 e - 5 tomahawks of dispersal
 h - 32 stones (quivered)
 l - 13 arrows of frost
 u - 18 sling bullets of flame
Armour
 b - a +0 leather armour (worn)
Magical devices
 r - a wand of confusion (20)
Scrolls
 d - a scroll of blinking
 g - 2 scrolls of fog
 i - 3 scrolls of teleportation
 m - 4 scrolls of remove curse
 p - a scroll of amnesia
Potions
 q - a potion of resistance
Books
 c - a book of Spatial Translocations

   Spells                             Type                      Level
   a - Apportation                    Translocation                1
   b - Blink                          Translocation                2
   c - Shroud of Golubria             Charms/Translocation         2
   d - Portal Projectile              Translocation                3
   e - Teleport Other                 Translocation                3
   f - Passage of Golubria            Translocation                4
Comestibles
 f - 2 bread rations
 k - 6 fruits
 n - a meat ration


   Skills:
 - Level 2.0 Fighting
 * Level 5.7 Long Blades
 - Level 1.1 Throwing
 - Level 0.8 Armour
 * Level 5.0 Dodging
 - Level 2.4 Spellcasting
 - Level 3.2 Translocations


You had one spell level left.
You knew the following spells:

 Your Spells              Type           Power        Failure   Level  Hunger
a - Apportation           Tloc           ###.......   8%          1    #......
b - Blink                 Tloc           N/A          12%         2    ##.....
c - Shroud of Golubria    Chrm/Tloc      #.........   17%         2    ##.....
d - Portal Projectile     Tloc           ###...       21%         3    ###....


Dungeon Overview and Level Annotations

Branches:
Dungeon (4/15)
 Temple: D:4-7

Altars:
Ashenzari
Gozag
Okawaru
Zin


Message History

The quasit claws you but does no damage.
The quasit claws you.
* * * LOW HITPOINT WARNING * * *
You feel clumsy. The quasit barely misses you.
The quasit claws you but does no damage.
The quasit claws you.
* * * LOW HITPOINT WARNING * * *
You feel clumsy.
You barely miss the quasit.
The quasit is almost dead.
* * * LOW HITPOINT WARNING * * *
You feel sick. The quasit bites you.
* * * LOW HITPOINT WARNING * * *
You feel clumsy.
The quasit claws you but does no damage.
The quasit barely misses you.
You barely miss the quasit.
The quasit is almost dead.
You die... 7..777...77 #. 7..7 7.777 #. 77.77 7.7 #. 7..7 777

## 77..7
#< 7..77
#. 77..7
#. 7
7..77 #.
7.777@77
..
7...757
7##
7....o7
7.....77
7...77.7
7.7 7.7
7 7.7
77.


7 You could see a quasit and an orc.

Vanquished Creatures
  A vampire bat (D:3)
  Terence (D:2)
  6 adders
  2 worms
  3 fire bats (D:3)
  5 giant geckos
  2 spectral bats (D:3)
  17 bats
  A bat simulacrum (D:3)
  3 bat skeletons (D:3)
  A bat zombie (D:3)
  A giant cockroach (D:3)
  10 goblins
  8 hobgoblins
  A ball python (D:3)
  3 giant newts (D:1)
  5 jackals
  7 kobolds
  6 rats
83 creatures vanquished.

Notes
Turn   | Place    | Note
--------------------------------------------------------------
     0 | D:1      | MrRokkomies, the High Elf Warper, began the quest for the Orb.
     0 | D:1      | Reached XP level 1. HP: 14/14 MP: 4/4
   231 | D:1      | Found an iron altar of Okawaru.
   240 | D:1      | Became a worshipper of Warmaster Okawaru
   391 | D:1      | Reached XP level 2. HP: 17/19 MP: 6/6
   397 | D:1      | Learned a level 2 spell: Shroud of Golubria
   400 | D:1      | Learned a level 2 spell: Blink
   807 | D:2      | Noticed Terence
   817 | D:2      | Killed Terence
   817 | D:2      | Reached XP level 3. HP: 7/24 MP: 6/8
  1138 | D:2      | Found a shattered altar of Ashenzari.
  1217 | D:2      | HP: 1/24 [worm (6)]
  1614 | D:2      | Reached skill level 4 in Long Blades
  1877 | D:2      | Reached XP level 4. HP: 26/29 MP: 11/11
  2056 | D:2      | Found an opulent altar of Gozag.
  2056 | D:2      | Found a glowing silver altar of Zin.
  2320 | D:3      | Found an iron altar of Okawaru.
  2826 | D:3      | Reached skill level 5 in Long Blades
  2826 | D:3      | Reached XP level 5. HP: 8/34 MP: 9/12
  3086 | D:3      | Acquired Okawaru's first power
  3270 | D:3      | Learned a level 3 spell: Portal Projectile
  3303 | D:4      | Reached skill level 5 in Dodging
  3397 | D:4      | Reached XP level 6. HP: 39/39 MP: 10/15
  3449 | D:4      | HP: 1/39 [quasit (1)]
  3450 | D:4      | Succumbed to poison (a potion of poison)

Action                   |  1- 3 |  4- 6 || total
-------------------------+-------+-------++-------
Melee: Falchion          |    91 |   251 ||   342
Throw: Stone             |    16 |       ||    16
 Cast: Shroud of Golubri |     9 |     5 ||    14
  Use: Scroll            |     8 |     1 ||     9
       Potion            |       |     2 ||     2
  Eat: Chunk             |     3 |     4 ||     7
       Beef jerky        |       |     1 ||     1
